Map: Neon Violet Square LE

Players

axu - Winner!

  • Race: Protoss Protoss
  • League: Platinum
  • Spawn Location: 11:00

theMinehamst

  • Race: Zerg Zerg
  • League: Platinum
  • Spawn Location: 5:00

VOD

Have the link to the VOD?

Description

Time

  • Played on: Jan. 12, 2018, 1:57 p.m.
  • Length: 12:12
Show
View Real Time Build Order
Export as new Build Order

axu Protoss - Winner!

Build Orders: 1 Gate Expand 

Get SALT Encoding   

  12  0:01  Probe  
  13  0:13  Probe  
  14  0:23  Pylon  
  14  0:25  Probe  
  15  0:42  Gateway, Probe  
  16  0:52  Assimilator  
  16  0:54  Probe  
  17  1:06  Probe  
  18  1:18  Probe  
  19  1:33  Nexus  
  19  1:46  Cybernetics Core  
  19  2:00  Cybernetics Core  
  19  2:05  Gateway  
  19  2:10  Probe  
  19  2:13  Assimilator  
  20  2:16  Pylon  
  20  2:22  Probe  
  21  2:31  Pylon  
  21  2:42  Probe (Chrono Boost)  
  22  2:56  Probe (Chrono Boost)  
  24  2:58  Probe (Chrono Boost)  
  24  2:59  Warp Gate  
  24  3:01  Adept x2  
  24  3:03  Probe  
  29  3:08  Probe  
  30  3:15  Probe  
  31  3:21  Twilight Council  
  31  3:28  Sentry x2  
  35  3:38  Probe x2  
  37  3:50  Probe x2  
  39  4:02  Probe x2  
  40  4:10  Gateway  
  40  4:11  Gateway  
  40  4:13  Gateway  
  40  4:15  Gateway, Resonating Glaives (Chrono Boost)  
  40  4:24  Probe x2  
  40  4:28  Assimilator  
  42  4:32  Assimilator  
  42  4:36  Probe x2  
  44  4:42  Adept x2  
  48  4:49  Pylon  
  48  4:52  Pylon  
  48  4:55  Pylon  
  48  5:04  Probe x2  
  50  5:16  Probe x2  
  52  5:25  Pylon  
  52  5:29  Probe, Pylon  
  52  5:30  Probe  
  52  5:32  Adept x3  
  52  5:33  Adept x2  
  64  5:37  Adept  
  64  5:42  Probe x2  
  62  6:05  Adept x3  
  62  6:06  Adept x3  
  74  6:15  Robotics Facility  
  74  6:24  Pylon  
  74  6:27  Pylon  
  72  6:50  Probe  
  72  6:51  Probe  
  74  7:02  Adept x6  
  74  7:03  Probe  
  77  7:38  Immortal (Chrono Boost)  
  77  8:00  Zealot x3  
  77  8:01  Zealot x3  
  77  8:03  Charge  
  89  8:08  Templar Archives  
  89  8:09  Immortal (Chrono Boost)  
  93  8:13  Forge  
  93  8:14  Forge  
  93  8:24  Adept  
  93  8:25  Adept x5  
  105  8:34  Pylon  
  105  8:37  Pylon  
  105  8:40  Pylon  
  105  8:42  Probe x2  
  105  8:46  High Templar  
  109  8:54  Probe x2  
  111  9:00  Nexus  
  111  9:01  Pylon  
  111  9:04  Pylon  
  111  9:05  High Templar x5  
  111  9:07  Pylon, Warp Prism (Chrono Boost)  
  123  9:14  Archon x2  
  123  9:16  Archon  
  123  9:17  Protoss Ground Armor Level 1 (Chrono Boost), Protoss Ground Weapons Level 1 (Chrono Boost)  
  123  9:24  Probe  
  123  9:25  Probe  
  123  9:31  Assimilator  
  125  9:34  Immortal (Chrono Boost)  
  125  9:36  Assimilator  
  125  9:37  Probe x2  
  131  9:40  Shield Battery, High Templar x5  
  131  9:41  Shield Battery, High Templar  
  131  9:44  Shield Battery  
  143  9:49  Archon x3, Probe  
  144  9:57  Psionic Storm  
  144  10:02  Probe x2  
  146  10:08  Observer (Chrono Boost)  
  147  10:14  Probe x2  
  147  10:19  Probe  
  150  10:46  Gateway  
  150  10:47  Gateway  
  150  10:50  Gateway  
  150  10:51  Gateway  
  150  10:53  Stargate  
  150  11:19  Nexus  
  150  11:21  Pylon  
  150  11:24  Pylon  
  140  11:49  Zealot  
  140  11:50  Zealot x5  
Show
View Real Time Build Order
Export as new Build Order

theMinehamst Zerg 

Build Orders: Hatch First 

Get SALT Encoding   

  12  0:01  Drone  
  13  0:08  Drone  
  14  0:18  Overlord  
  14  0:42  Hatchery  
  13  0:46  Drone  
  14  0:55  Drone x2  
  16  1:09  Extractor  
  15  1:16  Spawning Pool  
  15  1:18  Drone  
  15  1:20  Drone  
  16  1:41  Drone x2  
  16  1:42  Drone  
  19  1:56  Drone  
  19  1:57  Drone  
  21  2:06  Drone  
  21  2:07  Drone  
  23  2:14  Queen  
  23  2:15  Queen  
  27  2:18  Zergling x2  
  28  2:23  Overlord  
  28  2:35  Metabolic Boost  
  28  2:43  Zergling x8  
  32  3:00  Zergling x2  
  32  3:01  Zergling x6  
  36  3:08  Overlord  
  36  3:30  Drone  
  36  3:31  Drone x2  
  36  3:32  Zergling x10  
  44  3:37  Overlord  
  44  3:45  Baneling Nest  
  43  3:51  Drone  
  43  3:52  Overlord x2  
  44  4:15  Drone  
  44  4:16  Drone x4  
  49  4:23  Extractor  
  49  4:24  Zergling x2  
  49  4:44  Zergling x4  
  49  4:45  Zergling x4  
  53  4:59  Baneling x6  
  52  5:00  Baneling x2  
  52  5:03  Drone x4  
  52  5:04  Drone  
  57  5:07  Extractor  
  57  5:12  Drone  
  57  5:13  Drone x4  
  61  5:26  Hatchery  
  60  5:38  Extractor  
  60  5:42  Evolution Chamber  
  58  5:46  Roach Warren  
  47  6:12  Drone  
  47  6:13  Drone x5  
  47  6:14  Drone x5  
  47  6:15  Drone  
  54  6:40  Roach  
  54  6:41  Roach x6  
  67  6:51  Zergling x2  
  67  6:53  Roach x2  
  72  6:59  Roach  
  72  7:00  Overlord, Roach  
  72  7:01  Overlord x3  
  50  7:42  Drone x9  
  50  7:43  Drone x4  
  53  8:01  Drone x3  
  53  8:02  Drone x3  
  59  8:10  Roach x2  
  63  8:13  Zerg Melee Weapons Level 1  
  65  8:20  Roach x3  
  69  8:27  Lair  
  69  8:40  Spore Crawler  
  68  8:55  Overlord x5  
  68  8:57  Roach x4  
  76  9:18  Drone x6  
  82  9:29  Queen  
  84  9:32  Queen  
  86  9:43  Drone x4  
  86  9:44  Drone x3  
  93  10:11  Spire  
  93  10:12  Centrifical Hooks  
  92  10:15  Glial Reconstitution  
  92  10:24  Burrow  
  92  10:28  Zergling x2  
  92  10:29  Zergling x24  
  105  10:35  Extractor  
  105  10:36  Extractor  
  103  10:53  Drone x2  
  103  10:54  Drone x4  
  103  10:55  Drone x2  
  111  11:08  Roach x3  
  117  11:26  Mutalisk x6  
Tags
 
Add a new tag
Caveats
  • Supply blocks, unpowered buildings, or Contaminate may cause inaccurate times.
  • Supply counts are checked every 10 seconds.